 Dungeon Crawl Stone Soup version 0.31-a0-1010-g5322dac6a2 (webtiles) character file.

Game seed: 4629152825759935101

19 kae the Changeling (level 2, -2/23 HPs)
             Began as a Demigod Shapeshifter on Nov 16, 2023.
             Slain by a goblin
             ... wielding a +1 dagger of electrocution
             ... led by Robin
              (15 damage)
             ... on level 2 of the Dungeon.
             The game lasted 00:00:27 (810 turns).

kae the Changeling (Demigod Shapeshifter)            Turns: 810, Time: 00:00:27

Health: -2/23      AC:  2    Str: 15    XL:     2   Next: 39%
Magic:  4/4        EV: 12    Int: 12    God:
Gold:   57         SH:  0    Dex: 13    Spells: 1/1 levels left

rFire   . .          .
                       - Unarmed
rCold   . . .        (no shield)
rNeg    . . .        a - +0 animal skin
rPois   .            (helmet currently unavailable)
rElec   .            (cloak currently unavailable)
rCorr   .            (gloves currently unavailable)
SInv    .            (boots currently unavailable)
Will    .....        (no amulet)
Stlth   +            (no ring)
HPRegen 0.23/turn    (no ring)
MPRegen 0.09/turn

%: no passive effects
@: beast-form
A: beast (slay +1), high MP 1, forlorn, divine attributes
a: Begin Untransformation


You were on level 2 of the Dungeon.
You were a hulking beast.
You visited 1 branch of the dungeon, and saw 2 of its levels.

You collected 57 gold pieces.


Innate Abilities, Weirdness & Mutations

You are a hulking beast.
Your limbs bulge with bestial killing power. (Slay +1)
You have an increased reservoir of magic. (+10% MP)
You shall have no god before yourself.
Your divine heritage dramatically boosts your attributes as you level up.


   Skills:
 + Level 1.2 Fighting
 + Level 2.0 Dodging
 + Level 2.9 Unarmed Combat
 * Level 3.0 Shapeshifting


You had one spell level left.
You didn't know any spells.
Your spell library was empty.

Inventory:

Missiles
 j - 9 stones
Armour
 a - a +0 animal skin (worn)
Magical Staves
 e - a staff of conjuration {!a}
   (You found it on level 1 of the Dungeon)
Talismans
 c - a beast talisman
 d - a flux talisman
Scrolls
 f - a scroll of identify {unknown}
 i - a scroll of teleportation {unknown}
Potions
 b - a potion of lignification {!q}
 h - a potion of might {unknown}
 k - a potion of resistance {unknown}

Dungeon Overview and Level Annotations

Branches:
Dungeon (2/15) Zot: 11191

Annotations:
D:2 Robin

.###.#.... ..#..#...#
########### .g.......#
#.........# #.g......#
#.........# #........#
#.........# #........#
#.........# .........#
#.........#
.......#########......<..#
.........†.g..S.h........#
.......#########g....<...#
#...##.# #.........# ....
#.# #...>.....# ..#. ..#
########### ..#. .## # ..
..


You could see Robin, an adder and a goblin (strong).


Message History

Robin shouts!
The goblin shouts! x2; You hear a shout! x3
Robin roars a battlecry!
The goblins go into a battle-frenzy!
A goblin comes into view.
It is wielding a +1 dagger of electrocution.
A goblin and a hobgoblin come into view.
A hobgoblin comes into view.
An adder comes into view.
The goblin moves out of view.
The hobgoblin shouts!
You hear a shout! x2
The hobgoblin attacks as it pursues you!
The hobgoblin barely misses you.
The hobgoblin attacks as it pursues you!
The hobgoblin misses you.
You see here a rat corpse.
The hobgoblin attacks as it pursues you!
The hobgoblin closely misses you.
The hobgoblin attacks as it pursues you!
The hobgoblin hits you. 😕 HP[-5]
You take 5 damage, and now have 18/23 hp.
MASSIVE DAMAGE!! (PAUSE)
You hit the hobgoblin.
The hobgoblin no longer looks unusually strong.
The hobgoblin hits you. 😮 HP[-3]
You take 3 damage, and now have 15/23 hp.
You hit the hobgoblin.
The goblin no longer looks unusually strong.
The hobgoblin closely misses you.
You completely miss the hobgoblin. The hobgoblin hits you. 😮 HP[-1]
You take 1 damage, and now have 14/23 hp.
You closely miss the hobgoblin. 😮 HP[+1]
You completely miss the hobgoblin. The hobgoblin hits you.
* * * LOW HITPOINT WARNING * * *
😨 HP[-5]
You take 5 damage, and now have 10/23 hp.
MASSIVE DAMAGE!! (PAUSE)
You closely miss the hobgoblin.
The goblin no longer looks unusually strong.
The hobgoblin hits you.
* * * LOW HITPOINT WARNING * * *
😨 HP[-1]
You take 1 damage, and now have 9/23 hp.
You closely miss the hobgoblin.
The goblin no longer looks unusually strong.
The hobgoblin hits you.
* * * LOW HITPOINT WARNING * * *
😨 HP[-1]
You take 1 damage, and now have 8/23 hp.
You hit the hobgoblin.
The goblin no longer looks unusually strong.
The hobgoblin hits you.
* * * LOW HITPOINT WARNING * * *
😱 HP[-4]
You take 4 damage, and now have 4/23 hp.
Unknown command.
You hit the hobgoblin.
You kill the hobgoblin!
The goblin no longer looks unusually strong. 😱 HP[+1]
You barely miss the goblin. The goblin hits you with a +0 dagger.
* * * LOW HITPOINT WARNING * * *
😱 HP[-1]
You take 1 damage, and now have 4/23 hp.
You closely miss the goblin. The goblin hits you with a +0 dagger.
* * * LOW HITPOINT WARNING * * *
😱 HP[-1]
You take 1 damage, and now have 3/23 hp.
You hit the goblin. The goblin hits you but does no damage.
It was a potion of curing.
You feel better. The goblin closely misses you. 😮 HP[+9]
You regained 9 hp, and now have 12/23 hp.
You barely miss the goblin. The goblin barely misses you.
You miss the goblin. You hit the goblin.
You kill the goblin!
Your Shapeshifting skill increases to level 3!
You hit the goblin.
You kill the goblin!
You hit the goblin. The goblin closely misses you. 😮 HP[+1]
You punch the goblin!
You kill the goblin!
You hit the goblin.
Robin roars a battlecry!
The goblins go into a battle-frenzy!
The goblin completely misses you.
You hit the goblin.
You kill the goblin!
Robin roars a battlecry!
You hear a shout! 😮 HP[+1]
You hit the goblin. You punch the hobgoblin!
You kill the hobgoblin!
The goblin hits you with a +1 dagger of electrocution.
You are electrocuted!
Ouch! That really hurt!
You die...

Skill      XL: |  1  2 |
---------------+-------+-----
Fighting       | 1 |  1.2
Dodging        | 2 |  2.0
Shapeshifting  | 3 |  3.0
Unarmed Combat | |  2.9

Action                     || total
---------------------------++-------
  Melee: Unarmed           ||    48
    Use: Potion            ||     1
 Armour: Animal skin       ||    25
  Dodge: Dodged            ||    19

Levels and vault maps discovered:
D:1:      minmay_arrival_stair_chambers, layout_basic, basic_ecumenical_altar
D:2:      layout_rooms, minmay_pentomino_s2, uniq_robin

Notes
Turn   | Place    | Note
-------+----------+-------------------------------------------
     0 | D:1      | kae the Demigod Shapeshifter began the quest for the Orb.
     0 | D:1      | Reached XP level 1. HP: 15/15 MP: 3/3
     0 | D:1      | magus.rc [v1.11.3]
   138 | D:1      | Reached skill level 1 in Fighting
   740 | D:1      | Reached XP level 2. HP: 19/23 MP: 4/4
   771 | D:2      | Reached skill level 2 in Dodging
   775 | D:2      | Noticed Robin
   794 | D:2      | HP: 4/23 [hobgoblin[Robin] (4)]
   803 | D:2      | Reached skill level 3 in Shapeshifting
   810 | D:2      | Slain by a goblin

Vanquished Creatures
  A dart slug (D:1)
  2 ball pythons
  A bat (D:1)
  6 goblins
  3 hobgoblins
  A frilled lizard (D:1)
  A rat (D:2)
15 creatures vanquished.

Table legend:
 A = Non-vault XP
 B = Vault XP
 C = Vault XP percentage of total XP
 D = Non-vault monster count
 E = Vault monster count
 F = Vault count percentage of total count
                 A         B        C        D         E       F
            +---------+---------+-------+---------+---------+-------
      Total |      18 |      12 |  40.0 |       9 |       6 |  40.0
            +---------+---------+-------+---------+---------+-------
        D:1 |      15 |       0 |   0.0 |       7 |       0 |   0.0
        D:2 |       3 |      12 |  80.0 |       2 |       6 |  75.0
            +---------+---------+-------+---------+---------+-------

Skill      XL: |  1  2 |
---------------+-------+-----
Fighting       | 1 |  1.2
Dodging        | 2 |  2.0
Shapeshifting  | 3 |  3.0
Unarmed Combat | |  2.9

Action                     || total
---------------------------++-------
  Melee: Unarmed           ||    48
    Use: Potion            ||     1
 Armour: Animal skin       ||    25
  Dodge: Dodged            ||    19

Illustrated notes

Table legend:
 A = Kills in this place as a percentage of kills in the entire game.
 B = Kills by you in this place as a percentage of kills by you in the entire game.
 C = Kills by friends in this place as a percentage of kills by friends in the entire game.
 D = Other kills in this place as a percentage of other kills in the entire game.
 E = Experience gained in this place as a percentage of experience gained in the entire game.
 F = Experience gained in this place divided by the number of levels of this place that you have seen.
                   A       B       C       D       E      F
               +-------+-------+-------+-------+-------+----------------------
         Total | 100.0 | 100.0 |   N/A |   N/A | 100.0 |  15.0
       Dungeon | 100.0 | 100.0 |   N/A |   N/A | 100.0 |  15.0
               +-------+-------+-------+-------+-------+----------------------

Table legend: (Time is in decaauts)
 A = Elapsed time spent in this place.
 B = Non-inter-level travel time spent in this place.
 C = Inter-level travel time spent in this place.
 D = Time resting spent in this place.
 E = Time spent auto-exploring this place.
 F = Levels seen in this place.
 G = Mean time per level.
                   A        B        C        D        E       F      G
               +--------+--------+--------+--------+--------+-----+--------+
         Total |    807 |    801 |      6 |      0 |    697 |   2 |  403.5 |
       Dungeon |    807 |    801 |      6 |      0 |    697 |   2 |  403.5 |
               +--------+--------+--------+--------+--------+-----+--------+

Top non-repeatable levels by time:
     D:1: 745 daAuts
     D:2: 62 daAuts
